 Dungeon Crawl Stone Soup version 0.21-a0-39-g28ea6b7 (webtiles) character file.

173425 operationiv the Bludgeoner (level 17, -1/160 HPs)
             Began as a Minotaur Berserker on May 24, 2017.
             Was a High Priest of Trog.
             Slain by a five-headed hydra (10 damage)
             ... on level 4 of the Swamp on June 1, 2017.
             The game lasted 00:59:19 (24373 turns).

operationiv the Bludgeoner (Minotaur Berserker)    Turns: 24373, Time: 00:59:22

Health: -1/160     AC: 27    Str: 29    XL:     17   Next: 43%
Magic:  16/16      EV: 22    Int:  4    God:    Trog [*****.]
Gold:   1954       SH:  0    Dex: 10    Spells: 16/16 levels left

rFire    . . .     SeeInvis .   B - +2 great mace (protect)
rCold    . . .     Gourm    .   (shield currently unavailable)
rNeg     . . .     Faith    +   y - +0 plate armour
rPois    .         Spirit   .   (helmet restricted)
rElec    .         Reflect  .   F - scarf {repulsion}
rCorr    .         Harm     .   (no gloves)
MR       +....     Rnd*Tele +   M - +2 pair of boots
Stlth    ..........             A - amulet of faith
Regen    0.4/turn               z - +4 ring of evasion
MPRegen  0.2/turn               X - +4 ring of evasion

@: lethally poisoned (-1 -> -45), about to teleport, protection aura, repel
missiles
A: retaliatory headbutt, horns 2, screaming 1, teleportitis 1, wild magic 1
a: Berserk, Trog's Hand, Brothers in Arms, Burn Spellbooks, Renounce Religion


You were on level 4 of the Swamp.
You worshipped Trog.
Trog was extremely pleased with you.
You were near starving.

You visited 5 branches of the dungeon, and saw 27 of its levels.
You also visited: Ossuary.

You collected 2366 gold pieces.
You spent 412 gold pieces at shops.

Inventory:

Hand Weapons
 b - a +0 demon whip
 B - a +2 great mace of protection (weapon)
Armour
 h - a scarf of resistance
 y - a +0 plate armour (worn)
 F - a scarf of repulsion (worn)
 M - a +2 pair of boots (worn)
Jewellery
 u - an uncursed ring of poison resistance
 z - a +4 ring of evasion (left hand)
 A - an amulet of faith (around neck)
 V - an uncursed ring of protection from magic
 X - a +4 ring of evasion (right hand)
Scrolls
 d - 3 scrolls of noise {unknown}
 g - 5 scrolls of fear
 i - 4 scrolls of identify
 l - a scroll of enchant weapon {unknown}
 o - 4 scrolls of fog {unknown}
 p - 4 scrolls of teleportation
 q - 8 scrolls of remove curse
 r - 6 scrolls of recharging {unknown}
 v - a scroll of enchant armour {unknown}
 C - a scroll of torment {unknown}
 G - 5 scrolls of magic mapping {unknown}
 I - a scroll of summoning {unknown}
 L - a scroll of holy word {unknown}
 P - 2 scrolls of blinking {unknown}
 Q - a scroll of acquirement {unknown}
 Y - 5 scrolls of amnesia {unknown}
Potions
 k - 3 potions of flight
 m - a potion of invisibility
 n - 5 potions of heal wounds
 s - 6 potions of agility
 w - 3 potions of might
 D - 6 potions of curing
 H - 2 potions of cancellation
 J - a potion of berserk rage
 N - a potion of brilliance
 O - 7 potions of haste
 U - a potion of magic
Books
 e - a book of Changes

   Spells                             Type                      Level
   a - Beastly Appendage              Transmutation                1
   b - Sticks to Snakes               Transmutation                2
   c - Spider Form                    Transmutation/Poison         3
   d - Ice Form                       Ice/Transmutation            4
   e - Blade Hands                    Transmutation                5
   Trog disapproves of the use of such an item.
 K - a book of Flames

   Spells                             Type                      Level
   a - Flame Tongue                   Conjuration/Fire             1
   b - Throw Flame                    Conjuration/Fire             2
   c - Conjure Flame                  Conjuration/Fire             3
   d - Inner Flame                    Hexes/Fire                   3
   e - Sticky Flame                   Conjuration/Fire             4
   f - Fireball                       Conjuration/Fire             5
   Trog disapproves of the use of such an item.
Comestibles
 a - 31 fruits
 c - 14 bread rations
 j - 24 royal jellies
 E - 12 meat rations


   Skills:
 * Level 16.9 Fighting
 - Level 20.0 Maces & Flails
 + Level 15.3 Armour
 + Level 14.3 Dodging


You had 16 spell levels left.
You didn't know any spells.

Dungeon Overview and Level Annotations

Branches:
Dungeon (14/15)            Temple (0/1) D:5            Lair (6/6) D:11
  Swamp (4/4) Lair:4        Snake (1/4) Lair:3        Slime (0/5) Lair:6
    Orc (2/2) D:11            Elf (0/3) Orc:2        Vaults (0/5) D:14

Altars:
Cheibriados
Elyvilon
Fedhas
Hepliaklqana
Makhleb
Nemelex Xobeh
Qazlal
Sif Muna
Xom
Zin
The Shining One
Beogh

Shops:
D:4 !   D:11 =!([[   Orc:2 (=[(

Annotations:
D:10 1 runed door, exclusion: 4 orange crystal statues
Lair:3 exclusion: oklob plant


Innate Abilities, Weirdness & Mutations

You reflexively headbutt those who attack you in melee.
You have a pair of horns on your head.
You occasionally shout uncontrollably at your foes.
You are occasionally teleported next to monsters.
Your spells are a little harder to cast, but a little more powerful.


Message History

* * * LOW HITPOINT WARNING * * *
You feel sick. The swamp dragon misses you. The swamp dragon claws you.
* * * LOW HITPOINT WARNING * * *
The swamp dragon tramples you!
* * * LOW HITPOINT WARNING * * *
You stumble backwards!
You bludgeon the swamp dragon!!
The swamp dragon is heavily wounded.
You are engulfed in poison gas.
You are lethally poisoned!
* * * LOW HITPOINT WARNING * * *
x2 You feel very sick.
The swamp dragon completely misses you. x3
As you read the scroll of teleportation, it crumbles to dust.
You feel strangely unstable.
You are engulfed in poison gas.
You are more poisoned.
* * * LOW HITPOINT WARNING * * *
x2 You feel very sick.
The five-headed hydra bites you!
You die...

≈≈.≈≈ .§..≈D♣
≈.≈≈.♣♣..≈≈≈#
♣♣≈...≈♣≈.≈#
..≈≈.≈≈.≈≈#
.≈≈≈.≈.≈.♣
≈≈≈≈.≈$.≈#
♣./..≈.≈k##
≈.♣?≈§§§D§♣#
♣..≈≈D@§≈# #
≈≈≈≈≈≈§≈§§≈≈♣
##≈
≈♣......♣§≈≈≈#
≈≈
≈.≈..≈≈.♣.≈≈.≈≈♣
♣
≈...≈≈≈.♣≈≈...≈.
♣≈♣
≈≈≈≈≈≈≈≈≈§≈≈..♣♣
♣♣..
..≈≈....≈..≈≈.♣
♣...
♣≈≈≈♣..≈≈≈.≈≈.♣
.≈≈≈ ≈≈≈.


You could see a five-headed hydra, a swamp dragon and a swamp drake.

Vanquished Creatures
  A dire elephant (Lair:3)
  A fire dragon (Lair:6)
  Fannar (Lair:1)
  8 hydras
  A ghost crab (Swamp:1)
  2 catoblepae
  5 alligators
  3 centaur warriors
  5 two-headed ogres
  4 tengu warriors
  An ogre mage (D:13)
  An orc high priest (Orc:2)
  12 slime creatures
  5 skeletal warriors (D:14)
  A spriggan druid (Swamp:4)
  A shambling mangrove (Swamp:1)
  2 swamp dragons
  An orc knight (Orc:2)
  9 ugly things
  An oklob plant (D:11)
  4 manticores
  An orc sorcerer (Orc:2)
  5 cyclopes
  3 elephants (Lair:4)
  6 black mambas
  Joseph (D:10)
  3 torpor snails
  A spiny frog (shapeshifter) (D:14)
  6 spiny frogs
  2 centaur skeletons
  2 gargoyles
  9 komodo dragons
  10 rime drakes
  An efreet (D:14)
  2 trolls
  2 tengu conjurers (D:13)
  9 polar bears (Lair:6)
  4 hornets
  7 tyrant leeches
  3 raiju (Lair:6)
  18 blink frogs
  15 hippogriffs
  A meliai zombie (D:10)
  6 dream sheep
  4 bog bodies
  Sigmund (D:5)
  A wraith (D:11)
  5 shadows
  53 yaks
  A spriggan (shapeshifter) (D:14)
  5 spriggans
  5 wyverns
  8 basilisks
  A vampire (D:12)
  Grum (Lair:1)
  12 vampire mosquitoes
  7 wargs
  A warg (shapeshifter) (D:14)
  12 swamp worms
  3 acid dragons
  12 hell hounds (Lair:6)
  12 water moccasins
  7 porcupines
  A floating eye (shapeshifter) (D:14)
  5 phantoms
  9 swamp drakes
  An ice beast (D:11)
  30 orc warriors
  3 sky beasts
  12 black bears
  7 ogres
  9 centaurs
  16 wolves
  16 crocodiles
  An elf zombie (Ossuary)
  15 bullfrogs
  7 big kobolds
  A gnoll sergeant (Orc:2)
  An earth elemental (D:14)
  5 scorpions
  The ghost of grandjackal the Skirmisher, a weakling DsMo (D:3)
  23 killer bees
  9 wights
  An electric eel (Lair:4)
  3 crimson imps
  2 centaur zombies
  A quasit (D:12)
  7 hounds
  A human zombie (Ossuary)
  3 jellies
  27 orc priests
  2 bullfrog skeletons
  28 orc wizards
  6 iguanas
  Ijyb (D:3)
  Natasha (D:2)
  12 worker ants
  Terence (D:2)
  A big kobold zombie (Ossuary)
  2 mummies (Ossuary)
  Robin (D:2)
  9 gnolls
  23 adders
  3 shadow imps
  2 oozes
  An adder zombie (D:5)
  2 adder skeletons
  A worm (D:2)
  5 dart slugs
  4 leopard geckos
  143 orcs
  2 ball pythons
  7 bats
  5 giant cockroaches
  9 hobgoblins
  5 jackals
  26 kobolds
  5 quokkas
  5 frilled lizards
  20 goblins
  4 goblin zombies
  6 hobgoblin zombies (Ossuary)
  13 kobold zombies (Ossuary)
  9 orc zombies (Ossuary)
  2 quokka zombies
  15 rats
  A rat zombie (Ossuary)
  A butterfly (D:5)
  2 plants (D:11)
939 creatures vanquished.

Vanquished Creatures (collateral kills)
  Frances (D:13)
  A thorn hunter (Swamp:3)
  An orc warlord (Orc:2)
  A tengu warrior (D:13)
  A spriggan (Swamp:3)
  A spriggan druid (Swamp:3)
  An orc knight (D:13)
  2 orc sorcerers (Orc:2)
  An ugly thing (D:13)
  A hornet (Swamp:3)
  A bog body (Swamp:3)
  A hippogriff (D:13)
  A wyvern (D:13)
  2 vampire mosquitoes (Swamp:3)
  8 orc warriors
  An ogre (D:13)
  An orc wizard (Orc:2)
  9 orcs
35 creatures vanquished.

Vanquished Creatures (others)
  2 hornets (Swamp:1)
  A yak (D:12)
  An orc wizard (Orc:2)
  An orc (Orc:2)
  A briar patch (Swamp:3)
  5 fungi
  22 plants
33 creatures vanquished.

Grand Total: 1007 creatures vanquished

Notes
Turn   | Place    | Note
-------+----------+-------------------------------------------
     0 | D:1      | operationiv the Minotaur Berserker began the quest for the Orb.
     0 | D:1      | Reached XP level 1. HP: 19/19 MP: 0/0
    29 | D:1      | Reached skill level 4 in Maces & Flails
   256 | D:1      | Reached XP level 2. HP: 27/27 MP: 1/1
   783 | D:1      | Reached ** piety under Trog
   962 | D:1      | Reached XP level 3. HP: 32/33 MP: 2/2
  1420 | D:2      | Noticed Robin
  1433 | D:2      | Killed Robin
  1436 | D:2      | Reached XP level 4. HP: 40/40 MP: 3/3
  1499 | D:2      | Noticed Terence
  1509 | D:2      | Killed Terence
  1509 | D:2      | Reached skill level 5 in Maces & Flails
  2154 | D:2      | Reached XP level 5. HP: 29/47 MP: 4/4
  2318 | D:2      | Reached *** piety under Trog
  2336 | D:2      | Noticed Natasha
  2340 | D:2      | Killed Natasha
  2554 | D:2      | Noticed a phantom
  2590 | D:2      | Killed a phantom
  2590 | D:2      | Reached skill level 6 in Maces & Flails
  2590 | D:2      | Reached XP level 6. HP: 55/55 MP: 5/5
  2748 | D:3      | Noticed Ijyb
  2759 | D:3      | Killed Ijyb
  3062 | D:3      | Reached **** piety under Trog
  3062 | D:3      | Reached skill level 5 in Fighting
  3083 | D:3      | Found a sparkling altar of Nemelex Xobeh.
  3221 | D:3      | Noticed grandjackal's ghost (weakling DsMo)
  3235 | D:3      | Killed grandjackal's ghost
  3903 | D:4      | Reached skill level 7 in Maces & Flails
  3903 | D:4      | Reached XP level 7. HP: 60/61 MP: 6/6
  4142 | D:4      | Found Payl's Distillery.
  4152 | D:4      | Bought a potion of heal wounds for 70 gold pieces
  4152 | D:4      | Bought a potion of heal wounds for 70 gold pieces
  4273 | D:4      | Noticed a cyclops
  4279 | D:4      | Noticed a cyclops
  4280 | D:4      | Killed a cyclops
  4280 | D:4      | Reached skill level 8 in Maces & Flails
  4280 | D:4      | Reached skill level 5 in Armour
  4280 | D:4      | Reached XP level 8. HP: 44/70 MP: 4/7
  4285 | D:4      | Killed a cyclops
  4285 | D:4      | Reached skill level 9 in Maces & Flails
  4285 | D:4      | Reached skill level 5 in Dodging
  4598 | D:5      | Entered Level 5 of the Dungeon
  4653 | D:5      | Noticed Sigmund
  4662 | D:5      | Killed Sigmund
  4666 | D:5      | Upgraded the game from 0.21-a0-19-g210df22 to 0.21-a0-29-g43b3074
  4736 | D:5      | Found a staircase to the Ecumenical Temple.
  5118 | D:5      | Reached skill level 10 in Maces & Flails
  5143 | D:5      | Reached XP level 9. HP: 78/79 MP: 8/8
  6133 | D:6      | Found a snail-covered altar of Cheibriados.
  6133 | D:6      | Found a white marble altar of Elyvilon.
  6138 | D:6      | Found a shimmering altar of Xom.
  6140 | D:6      | Found a blossoming altar of Fedhas.
  6141 | D:6      | Found a faded altar of an unknown god.
  6550 | D:7      | Found a sand-covered staircase.
  6558 | Ossuary  | Entered an ossuary
  6602 | Ossuary  | Reached ***** piety under Trog
  6654 | Ossuary  | Reached skill level 11 in Maces & Flails
  6824 | D:7      | Noticed a troll
  6834 | D:7      | Killed a troll
  7158 | D:8      | Noticed a two-headed ogre
  7168 | D:8      | Killed a two-headed ogre
  7168 | D:8      | Reached XP level 10. HP: 64/90 MP: 4/9
  7366 | D:8      | Found a hazy altar of Hepliaklqana.
  7382 | D:8      | Received a gift from Trog
  7532 | D:8      | Reached skill level 12 in Maces & Flails
  7853 | D:8      | Found a glowing silver altar of Zin.
  8008 | D:8      | Noticed a three-headed hydra
  8012 | D:8      | Killed a three-headed hydra
  8154 | D:9      | Found a burning altar of Makhleb.
  8387 | D:9      | Found a deep blue altar of Sif Muna.
  8475 | D:9      | Noticed a cyclops
  8484 | D:9      | Killed a cyclops
  8484 | D:9      | Reached skill level 13 in Maces & Flails
  8762 | D:9      | Received a gift from Trog
  9003 | D:10     | Entered Level 10 of the Dungeon
  9153 | D:10     | Reached XP level 11. HP: 99/99 MP: 8/10
  9155 | D:10     | Noticed Joseph
  9172 | D:10     | Killed Joseph
  9207 | D:10     | Found a runed door.
  9220 | D:10     | Noticed an orange crystal statue
  9220 | D:10     | Noticed an orange crystal statue
  9220 | D:10     | Noticed an orange crystal statue
  9220 | D:10     | Noticed an orange crystal statue
  9245 | D:10     | Noticed a two-headed ogre
  9334 | D:10     | Reached skill level 10 in Fighting
  9499 | D:10     | Identified the Grimoire of Air and the Escort
  9577 | D:10     | Found a runed door.
  9647 | D:11     | Found Gocs's Weapon Emporium.
  9701 | D:11     | Noticed an oklob plant
  9721 | D:11     | Found a staircase to the Lair.
  9725 | D:11     | Killed an oklob plant
  9878 | D:11     | Found Quno's Distillery.
  9908 | D:11     | Bought a potion of mutation for 136 gold pieces
  9908 | D:11     | Gained mutation: You expend magic power (3 MP) to strengthen your wands. [potion of mutation]
  9908 | D:11     | Gained mutation: You are frail. (-10% HP) [potion of mutation]
  9908 | D:11     | Gained mutation: Your spells are a little harder to cast, but a little more powerful. [potion of mutation]
  9908 | D:11     | Gained mutation: You are surrounded by a mild repulsion field. (EV +2) [potion of mutation]
  9909 | D:11     | Lost mutation: You are frail. (-10% HP) [potion of mutation]
  9909 | D:11     | Lost mutation: You expend magic power (3 MP) to strengthen your wands. [potion of mutation]
  9909 | D:11     | Lost mutation: You are surrounded by a mild repulsion field. (EV +2) [potion of mutation]
  9909 | D:11     | Gained mutation: You are occasionally teleported next to monsters. [potion of mutation]
  9909 | D:11     | Gained mutation: You possess an exceptional clarity of mind. [potion of mutation]
  9912 | D:11     | Found Kusisk's Jewellery Shop.
  9914 | D:11     | Noticed a two-headed ogre
  9924 | D:11     | Killed a two-headed ogre
  9924 | D:11     | Reached skill level 14 in Maces & Flails
 10008 | D:11     | Reached skill level 10 in Armour
 10022 | D:11     | Received a gift from Trog
 10187 | D:11     | Found a staircase to the Orcish Mines.
 10313 | D:11     | Found Xeschoapsa's Antique Armour Boutique.
 10321 | D:11     | Upgraded the game from 0.21-a0-29-g43b3074 to 0.21-a0-39-g28ea6b7
 10357 | D:11     | Noticed a two-headed ogre
 10367 | D:11     | Killed a two-headed ogre
 10380 | D:11     | Found Vefuetei's Armour Shoppe.
 10938 | D:12     | Reached XP level 12. HP: 79/110 MP: 8/11
 11165 | D:12     | Reached skill level 15 in Maces & Flails
 11170 | D:12     | Gained mutation: You have a pair of large horns on your head. [mutagenic meat]
 11225 | D:12     | Noticed a two-headed ogre
 11234 | D:12     | Killed a two-headed ogre
 11553 | D:12     | Reached skill level 10 in Dodging
 11624 | D:12     | Found a glowing golden altar of the Shining One.
 11918 | Lair:1   | Entered Level 1 of the Lair of Beasts
 11984 | Lair:1   | Reached ****** piety under Trog
 11984 | Lair:1   | Received a gift from Trog
 12321 | Lair:1   | Noticed Fannar
 12328 | Lair:1   | Noticed Grum
 12334 | Lair:1   | Killed Grum
 12352 | Lair:1   | Killed Fannar
 12559 | Lair:1   | Reached skill level 16 in Maces & Flails
 13258 | Lair:2   | Found a burning altar of Makhleb.
 13404 | Lair:2   | Noticed a four-headed hydra
 13414 | Lair:2   | Killed a four-headed hydra
 13658 | Lair:3   | Found a staircase to the Snake Pit.
 13670 | Lair:3   | Reached XP level 13. HP: 118/118 MP: 12/12
 13705 | Lair:3   | Received a gift from Trog
 13885 | Lair:3   | Noticed a dire elephant
 13896 | Lair:3   | Killed a dire elephant
 14965 | Lair:4   | Reached skill level 17 in Maces & Flails
 15033 | Lair:4   | Found a staircase to the Swamp.
 16161 | Lair:5   | You fall through a shaft!
 16161 | Lair:6   | Entered Level 6 of the Lair of Beasts
 16221 | Lair:6   | Noticed a fire dragon
 16238 | Lair:6   | Killed a fire dragon
 16495 | Lair:6   | Received a gift from Trog
 16850 | Lair:6   | Reached XP level 14. HP: 129/129 MP: 13/13
 16859 | Lair:6   | Reached skill level 18 in Maces & Flails
 16925 | Lair:6   | Found a stormy altar of Qazlal.
 17076 | Lair:6   | Found a staircase to the Slime Pits.
 17515 | Lair:6   | Received a gift from Trog
 17645 | Lair:6   | Got an ancient pewter amulet
 17995 | Lair:6   | Identified the amulet of Jealousy {+Rage Str+2 Dex+5} (You found it on level 6 of the Lair of Beasts)
 18003 | Lair:6   | Reached skill level 19 in Maces & Flails
 18003 | Lair:6   | Reached XP level 15. HP: 138/138 MP: 14/14
 18004 | Lair:6   | Reached XP level 16. HP: 147/147 MP: 15/15
 18201 | Orc:1    | Entered Level 1 of the Orcish Mines
 18264 | Orc:2    | Entered Level 2 of the Orcish Mines
 18318 | Orc:2    | Received a gift from Trog
 18502 | Orc:2    | Found a roughly hewn altar of Beogh.
 18884 | Orc:2    | Found a roughly hewn altar of Beogh.
 18884 | Orc:2    | Found Jaodes's Antique Weapon Shoppe.
 18888 | Orc:2    | Found Uturu's Antique Armour Emporium.
 18946 | Orc:2    | Found a roughly hewn altar of Beogh.
 19127 | Orc:2    | Found a staircase to the Elven Halls.
 19157 | Orc:2    | Found a roughly hewn altar of Beogh.
 19174 | Orc:2    | Found Omesusk's Jewellery Boutique.
 19225 | Orc:2    | Found a roughly hewn altar of Beogh.
 19279 | Orc:2    | Received a gift from Trog
 19326 | Orc:2    | Found a roughly hewn altar of Beogh.
 19344 | Orc:2    | Found Effourrey's Weapon Shoppe.
 19512 | Snake:1  | Entered Level 1 of the Snake Pit
 19701 | D:13     | Noticed Frances
 19745 | D:13     | Killed Frances
 19778 | D:13     | HP: 6/220 [catoblepas (9)]
 19802 | D:13     | Paralysed by fainting for 10 turns
 19810 | D:13     | HP: 5/147 [tengu warrior/dire flail of protection (5)]
 19811 | D:13     | HP: 1/147 [catoblepas (4)]
 20733 | D:13     | Reached skill level 15 in Fighting
 20740 | D:13     | Reached skill level 20 in Maces & Flails
 20743 | D:13     | Got a transparent glass ring
 20789 | D:13     | Found a roughly hewn altar of Beogh.
 20808 | D:13     | Received a gift from Trog
 21027 | D:13     | Identified the ring of Mausuce {*Tele rElec Int+4 Dex-2} (You found it on level 13 of the Dungeon)
 21190 | D:14     | Reached XP level 17. HP: 129/156 MP: 16/16
 21318 | D:14     | Found a gate to the Vaults.
 21320 | D:14     | Paralysed by a floating eye for 3 turns
 21729 | D:11     | Bought a potion of mutation for 136 gold pieces
 21729 | D:11     | Lost mutation: Your spells are a little harder to cast, but a little more powerful. [potion of mutation]
 21729 | D:11     | Lost mutation: You have a pair of large horns on your head. [potion of mutation]
 21729 | D:11     | Lost mutation: You possess an exceptional clarity of mind. [potion of mutation]
 21729 | D:11     | Gained mutation: You occasionally shout uncontrollably at your foes. [potion of mutation]
 21729 | D:11     | Gained mutation: Your spells are a little harder to cast, but a little more powerful. [potion of mutation]
 21853 | Swamp:1  | Entered Level 1 of the Swamp
 21980 | Swamp:1  | Received a gift from Trog
 22987 | Swamp:1  | Reached skill level 15 in Armour
 24294 | Swamp:4  | Entered Level 4 of the Swamp
 24373 | Swamp:4  | Slain by a five-headed hydra

Vault maps used:
D:1:      minmay_arrival_stone_box
D:2:      uniq_terence, uniq_natasha, uniq_robin
D:3:      wad_crossroads, nicolae_overflow_crystal_walls, uniq_ijyb
D:4:      first_bread, serial_shops, shop, minmay_small_thing
D:5:      minmay_temple_entry_butterflies, uniq_sigmund
D:6:      minmay_diamond_boxcup, chequers_temple_overflow_minitemple
D:7:      enter_ossuary_4
D:8:      zin_treasury, overflow_temple_1_default, hangedman_ranch,
          hangedman_abyss_or_decor_clamps
D:9:      makhleb_heckhound_becter, led_sif_pool, special_room
D:10:     chequers_guarded_unrand_ignorance, uniq_joseph
D:11:     dpeg_oklobed_lair, david_orc_4, serial_shops, shop,
          nicolae_shop_stone, shop, nicolae_shop_waterfront, shop
D:12:     nicolae_tso_carved_into_rock
D:13:     minivault_28, uniq_frances
D:14:     minmay_stone_box, david_vaults_2, spider_trap
Lair:1:   uniq_fannar, uniq_grum
Lair:2:   basic_altar, grunt_megastairs_1, infiniplex_staircase_pool_2
Lair:3:   minmay_snake_entry_six_corridors, grunt_megastairs_3,
          lemuel_fruit_tree, minmay_lair_oklob_chamber
Lair:4:   nicolae_swamp_entry_splash_gauntlet, special_room
Lair:6:   guppyfry_lair_end_dragon, hangedman_lair_caniforms_friends,
          dpeg_slime_entry_corner, basic_altar, portal_ice_cave_entry_pillars_2
Swamp:1:  evilmike_swamp_ruin_house_6
Swamp:2:  nicolae_swamp_round_clearing
Swamp:3:  hangedman_swamp_lotus
Swamp:4:  swamp_alternative
Snake:1:  uniq_roxanne
Orc:1:    uniq_erica
Orc:2:    grunt_orc_community_town_hall, grunt_orc_community_big_house_2,
          grunt_orc_community_big_house_2, grunt_orc_community_house_1,
          grunt_orc_community_house_1, grunt_orc_community_house_3,
          grunt_orc_community_house_3
Ossuary:  ossuary_tomb_1

Skill      XL: |  1  2  3  4  5  6  7  8  9 10 11 12 13 14 15 16 17 |
---------------+----------------------------------------------------+-----
Maces & Flails | 4 5 6 7 8 10 11 13 14 16 17 19 20 | 20.0
Fighting       | 4 5 6 7 8 9 11 12 13 14 15 16 | 16.9
Armour         | 3 4 5 6 7 9 10 11 12 13 14 15 | 15.3
Dodging        | 3 4 5 7 8 9 10 11 12 13 14 | 14.3

Action                   |  1- 3 |  4- 6 |  7- 9 | 10-12 | 13-15 | 16-18 || total
-------------------------+-------+-------+-------+-------+-------+-------++-------
Melee: Mace              |    70 |   168 |       |       |       |       ||   238
       Headbutt          |     9 |    36 |    63 |   132 |    98 |   156 ||   494
       Morningstar       |       |    29 |   283 |   211 |       |       ||   523
       Great mace        |       |       |       |   485 |   516 |   680 ||  1681
Invok: Berserk           |     1 |     2 |     5 |     6 |     4 |     6 ||    24
       Trog's Hand       |       |       |     4 |     7 |     4 |    10 ||    25
       Burn Spellbooks   |       |       |       |     2 |       |       ||     2
       Brothers in Arms  |       |       |       |       |     1 |     7 ||     8
  Use: Scroll            |       |     2 |       |    10 |     3 |     3 ||    18
       Potion            |       |       |       |     2 |     5 |    13 ||    20
  Eat: Chunk             |     2 |    10 |    16 |    33 |    15 |    26 ||   102
       Bread ration      |       |       |       |       |     1 |       ||     1
       Fruit             |       |       |       |       |       |     8 ||     8
Armor: Animal skin       |    13 |     1 |       |       |       |       ||    14
       Scale mail        |       |     4 |       |       |       |       ||     4
       Plate armour      |       |   101 |   148 |   435 |   346 |   376 ||  1406
Dodge: Dodged            |    54 |    73 |   141 |   673 |   532 |   689 ||  2162
       Deflected         |       |       |       |       |     3 |    13 ||    16
Block: Other             |       |    25 |    20 |       |       |       ||    45
       Reflection        |       |     1 |     1 |       |       |       ||     2
